 Dungeon Crawl Stone Soup version bcrawl-1.41 (webtiles) character file.

Game seed: 3012732924864279699

9619973 Morbidden the Peltast (level 20, 120/120 HPs)
             Began as a Skeleton Archaeologist on July 4, 2023.
             Was the Champion of Vehumet.
             Quit the game on level 2 of the Crypt on Apr 6, 2024.
             The game lasted 01:23:29 (41955 turns).

Morbidden the Peltast (Skeleton Archaeologist)     Turns: 41955, Time: 01:23:30

Health: 120/120    AC: 40    Str: 33    XL:     20   Next: 54%
Magic:  49/49      EV: 10    Int: 21    God:    Vehumet [******]
Gold:   2716       SH: 27    Dex:  7    Spells: 13/51 levels left

rFire    . . .     GDR:     30% a - +14 shillelagh "Devastator" {shatter, Stlth+}
rCold    + . .     Archmagi +   h - +6 medium shield "Astuem Gica" {+Fly Str+7 Dex-3}
rNeg     + + +     SeeInvis .   M - +8 orange crystal plate armour {Archmagi, Int+3 Clar}
rPois    ∞         Gourm    .   d - +2 hat {MR+}
rElec    .         Faith    .   q - +0 cloak
rCorr    .         Spirit   +   P - +2 pair of gloves {Dex+3}
MR       +++++     Reflect  +   Y - +2 pair of boots "Hurekkoi" {rPois} Stlth ..........Clarity +
                                u - +6 amulet of reflection
HPRegen  0.30/turn              o - ring of magical power
MPRegen  0.31/turn              V - ring "Hilyk" {MR+ Str+7 Int-3 Slay+4}

@: no status effects
A: no food or potions, cold resistance 1, deterioration 1, negative energy
resistance 3, powered by death 2, torment resistance, unbreathing, magic shield,
sturdy frame 3, spell healing
}: 2/15 runes: decaying, barnacled
a: Renounce Religion, Evoke Flight


You were on level 2 of the Crypt.
You worshipped Vehumet.
Vehumet was exalted by your worship.
You were not hungry.

You visited 9 branches of the dungeon, and saw 33 of its levels.
You also visited: Ossuary, Bailey and Ice Cave.

You collected 4758 gold pieces.
You spent 2042 gold pieces at shops.

Inventory:

Hand Weapons
 a - the +14 shillelagh "Devastator" (weapon) {shatter, Stlth+}
   (You found it on level 3 of the Shoals)

   It makes you more stealthy.
 b - a +4 blowgun
 e - a +0 eveningstar of protection
 l - the +6 Majin-Bo {vamp, *Drain Str+12 Int+24}
   (You found it on level 6 of the Lair of Beasts)

   It inflicts no extra harm, but heals its wielder when it wounds a living foe.
   It affects your strength (+12).
   It affects your intelligence (+24).
   It causes draining when unequipped.
Missiles
 j - 1486 poisoned tomahawks
 m - 975 poisoned needles
 n - 1395 javelins (quivered)
 B - 396 javelins of penetration {=f}
 D - 2 throwing nets {=f}
 G - 319 steel javelins
 N - 66 curare-tipped needles
Armour
 d - a +2 hat of magic resistance (worn)
 h - the +6 medium shield "Astuem Gica" (worn) {+Fly Str+7 Dex-3}
   (You acquired it on level 3 of the Dungeon)

   It affects your strength (+7).
   It affects your dexterity (-3).
   It lets you fly.
 q - a +0 cloak (worn)
 L - a scarf of stasis
 M - the +8 orange crystal plate armour (worn) {Archmagi, Int+3 Clar}
   (You found it on level 6 of the Lair of Beasts)

   It affects your intelligence (+3).
   It protects you against confusion.
 P - a +2 pair of gloves of dexterity (worn)
 Y - the +2 pair of boots "Hurekkoi" (worn) {rPois}
   (You found it in an ice cave)

   It protects you from poison.
Jewellery
 o - a ring of magical power (left hand)
 p - an uncursed ring of wizardry
 u - a +6 amulet of reflection (around neck)
 v - an uncursed ring of protection from magic
 E - the cursed ring of Murex {Ice Str+2}
   (You took it off an ironheart convoker on level 2 of the Vaults)

   [ring of ice]

   It enhances your ice magic.
   It affects your strength (+2).
   It makes you vulnerable to fire.
   It protects you from cold.
   It has a curse placed upon it.
 Q - an uncursed ring of ice
 S - an uncursed ring of flight
 U - an uncursed amulet of magic regeneration
 V - the ring "Hilyk" (right hand) {MR+ Str+7 Int-3 Slay+4}
   (You bought it in a shop in the Orcish Mines)

   [ring of protection from magic]

   It affects your strength (+7).
   It affects your intelligence (-3).
   It affects your accuracy and damage with ranged weapons and melee attacks
   (+4).
   It affects your resistance to hostile enchantments.
 W - the ring "Edwiuve" {rC+ Slay+2}
   (You bought it in a shop in the Orcish Mines)

   [ring of protection from cold]

   It affects your accuracy and damage with ranged weapons and melee attacks
   (+2).
   It protects you from cold.
Wands
 s - a wand of polymorph (28)
 t - a wand of digging (27)
 w - a wand of scattershot (3)
 y - a wand of flame (14)
 A - a wand of charming (5)
 C - a wand of random effects (16)
 F - a wand of acid (7)
 H - a wand of clouds (2)
 J - a wand of iceblast (38)
 K - a wand of disintegration (37)
 T - a wand of paralysis (5)
Scrolls
 c - 3 scrolls of fog
 f - 18 scrolls of remove curse
 g - 2 scrolls of revelation
 i - 8 scrolls of identify
 k - 6 scrolls of teleportation
 r - 9 scrolls of enchant weapon
 x - 2 scrolls of noise
 z - 10 scrolls of enchant armour
 I - 2 scrolls of vulnerability
 R - a scroll of immolation
 X - 2 scrolls of amnesia
Miscellaneous
 O - a lamp of fire


   Skills:
 * Level 11.2 Fighting
 * Level 14.7(14.8) Maces & Flails
 + Level 3.3(10.4) Staves
 + Level 9.5 Throwing
 * Level 11.7 Armour
 * Level 11.1 Dodging
 + Level 4.3 Stealth
 + Level 16.7 Shields
 * Level 16.3 Spellcasting
 * Level 14.2 Conjurations
 + Level 10.2 Charms
 * Level 9.8 Fire Magic
 * Level 7.4 Air Magic
 * Level 6.5 Earth Magic
 * Level 7.8 Evocations


You had 13 spell levels left.
You knew the following spells:

 Your Spells              Type           Power        Failure   Level  Hunger
a - Iskenderun's Mystic   Conj           #######.     1%          3    N/A
b - Bolt of Fire          Conj/Fire      #######...   13%         6    N/A
c - Flame Tongue          Conj/Fire      #####        1%          1    N/A
d - Iron Shot             Conj/Erth      ######....   26%         6    N/A
e - Sticky Flame          Conj/Fire      #######.     1%          4    N/A
f - Orb of Destruction    Conj           #######...   30%         7    N/A
g - Searing Ray           Conj           #######.     1%          2    N/A
x - Iskenderun's Battles  Conj/Chrm      #######.     2%          5    N/A
z - Airstrike             Air            ######....   6%          4    N/A

Your spell library contained the following spells:

 Spells                   Type           Power        Failure   Level  Hunger
 Chain Lightning          Conj/Air       #######...   100%        8    N/A
 Ignition                 Hex/Fire       ######....   100%        8    N/A
 Lehudib's Crystal Spear  Conj/Erth      ######....   100%        8    N/A
 Sting                    Conj/Pois      ####         1%          1    N/A
 Shock                    Conj/Air       #######      1%          2    N/A
 Swiftness                Chrm/Air       ######..     1%          2    N/A
 Mephitic Cloud           Conj/Pois/Air  ######..     1%          3    N/A
 Lightning Bolt           Conj/Air       #######.     1%          4    N/A
 Static Discharge         Air            ######       2%          1    N/A
 Bolt of Magma            Conj/Fire/Erth ######....   5%          5    N/A
 Ignite Poison            Fire/Tmut/Pois #####...     10%         3    N/A
 Poisonous Vapours        Pois/Air       #####.       16%         2    N/A
 Venom Bolt               Conj/Pois      ######....   19%         5    N/A
 Necrotize                Necr           ####..       41%         1    N/A
 Summon Small Mammal      Summ           ####         41%         1    N/A
 Freezing Cloud           Ice/Air        #####...     54%         5    N/A
 Call Imp                 Summ           ####..       56%         2    N/A
 Ensorcelled Hibernation  Hex/Ice        ####..       56%         2    N/A
 Bolt of Cold             Conj/Ice       ######....   65%         6    N/A
 Call Canine Familiar     Summ           ####....     80%         3    N/A
 Recall                   Summ/Tloc      N/A          80%         3    N/A
 Vampiric Draining        Necr           ####......   80%         3    N/A
 Deflect Missiles         Chrm/Air       ######....   88%         6    N/A
 Silence                  Hex/Air        #####.....   95%         5    N/A
 Summon Lightning Spire   Summ/Air       #####...     95%         5    N/A
 Agony                    Necr           ####....     99%         4    N/A
 Animate Dead             Necr           N/A          99%         4    N/A
 Olgreb's Toxic Radiance  Pois           ####.....    99%         4    N/A
 Summon Ice Beast         Ice/Summ       ####....     99%         4    N/A
 Summon Scorpions         Summ/Pois      ####....     99%         4    N/A
 Dispel Undead            Necr           ####....     100%        5    N/A
 Metabolic Englaciation   Hex/Ice        ####......   100%        5    N/A
 Summon Forest            Summ/Tloc      ####......   100%        5    N/A
 Summon Mana Viper        Hex/Summ       ####....     100%        5    N/A
 Borgnjor's Vile Clutch   Necr/Erth      #####.....   100%        6    N/A
 Darkness                 Hex            ####......   100%        6    N/A
 Infestation              Hex/Tmut/Pois  ####.....    100%        6    N/A
 Ozocubu's Refrigeration  Ice            ####......   100%        6    N/A
 Simulacrum               Ice/Necr       ####....     100%        6    N/A
 Summon Hydra             Summ           ####......   100%        6    N/A
 Monstrous Menagerie      Summ           ####......   100%        7    N/A
 Scorpion Form            Tmut/Pois      ####......   100%        7    N/A
 Shadow Creatures         Summ           N/A          100%        7    N/A
 Time Stop                Chrm/Tloc      N/A          100%        8    N/A
 Tornado                  Tloc/Air       #####.....   100%        8    N/A
 Shatter                  Erth           ######....   100%        9    N/A
 Statue Form              Tmut/Erth      Unusable     N/A         6    N/A

Dungeon Overview and Level Annotations

Branches:
Dungeon (12/12)            Temple (1/1) D:4            Lair (6/6) D:8
  Swamp (3/3) Lair:3       Shoals (3/3) Lair:2        Slime (0/5) Lair:5
    Orc (1/1) D:8             Elf (3/3) Orc          Vaults (2/3) D:11
  Crypt (2/2) Vaults:2     Depths (0/5) D:12
   Tomb: Crypt:2

Altars:
Cheibriados
Dithmenos
Hepliaklqana
Lugonu
Okawaru
Qazlal
Ru
Uskayaw
Vehumet
Wu Jian
Xom
Jiyva

Shops:
D:4 ?   D:6 !   D:12 ?   Orc %((=(   Elf:1 =   Elf:2 **   Vaults:2 :

Annotations:
D:7 1 runed door
Lair:2 exclusion: 3 oklob plants
Swamp:2 1 runed translucent door, Morbidden's ghost, journeyman TrAc
Elf:2 3 runed doors


Innate Abilities, Weirdness & Mutations

You do not eat or drink.
You are immune to poison.
Your flesh is cold resistant. (rC+)
Your body sometimes deteriorates upon taking damage.
You are immune to negative energy. (rN+++)
You regenerate health from kills.
You are immune to unholy pain and torment.
You can survive without breathing.
When hurt, damage is shared between your health and your magic reserves.
Your movements are significantly less encumbered by armour. (ER -6)
Casting spells heals you.


Message History

No path to travel!
Save game and exit? [Y]es or [N]o only, please.
Save game and exit?
Welcome back, Morbidden the Skeleton Archaeologist.
Vehumet says: Let it end in hellfire!
Press m to set your skill training.
Press ? for a list of commands and other information.
No path to travel!
Welcome back, Morbidden the Skeleton Archaeologist.
Vehumet says: Let it end in hellfire!
Press m to set your skill training.
Press ? for a list of commands and other information.
No path to travel!
You start resting.
HP restored.
Magic restored.
You start resting.
Magic restored.
No path to travel!
No path to travel!
Are you sure you want to abandon this character and quit the game? (Confirm with "yes".)

#⌠....)[....#
#⌠....)[....#
#####.....##...#### #
##...##''###8....... #.
#.....#..#..........
#..#.....#..#..........
#........#..######.....
#.......))..#### #.....
#.....@.........##.....
##............⌠.##.....
##.............##.....
################.....
#####################.)...
#.........................
#.........................
#.........................
#.......................<.


There were no monsters in sight!

Vanquished Creatures
  the Lernaean hydra (Swamp:3)
  Gastronok (Lair:2)
  2 profane servitors (Crypt:2)
  An Ice Fiend (IceCv)
  A lich (Crypt:2)
  Rupert (Lair:4)
  6 ancient champions (Crypt:2)
  3 sphinxes
  2 tengu reavers
  Kirke (Swamp:1)
  Roxanne (Swamp:1)
  2 thorn hunters (Swamp:3)
  2 revenants (Crypt:2)
  Aizul (Elf:3)
  2 fire giants
  An azure jelly (Swamp:1)
  A frost giant (Vaults:2)
  2 vault wardens (Vaults:1)
  2 deep elf sorcerers (Vaults:1)
  Louise (Elf:2)
  An orc warlord (Bailey)
  A curse skull (Crypt:2)
  6 stone giants
  9 ironheart preservers
  5 jiangshi
  A deep elf annihilator (Vaults:2)
  3 dire elephants (Vaults:2)
  2 deep elf demonologists (Elf:3)
  A minotaur (Shoals:3)
  An eidolon (Crypt:1)
  3 merfolk javelineers
  3 ettins
  2 deep elf death magi
  Urug (D:11)
  2 merfolk impalers
  3 yaktaur captains
  2 mummy priests (Crypt:2)
  16 hydras
  2 vault guards (Vaults:1)
  3 rakshasas (Vaults:2)
  Fannar (D:11)
  Erica (Orc)
  Psyche (D:12)
  A ghost crab (Swamp:2)
  3 shambling mangroves (Swamp:1)
  7 satyrs (Shoals:3)
  A catoblepas (Lair:6)
  A queen ant (Lair:5)
  3 merfolk aquamancers
  10 dancing weapons
  An ogre mage (D:12)
  A deep troll earth mage (Vaults:1)
  2 death knights
  6 two-headed ogres
  9 alligators
  4 deep troll shamans
  An ironheart beastmaster (Vaults:2)
  7 sea snakes
  8 death yaks
  2 vampire magi
  A titan zombie (Crypt:2)
  8 deep trolls
  20 deep elf knights
  An iron troll (D:12)
  Nergalle (Orc)
  13 centaur warriors
  A fire crab (Shoals:2)
  14 skeletal warriors
  13 swamp dragons
  2 flayed ghosts (Crypt:1)
  A storm dragon skeleton (Crypt:2)
  4 spriggan druids
  A wizard (Vaults:1)
  5 ironheart convokers
  A necromancer (Vaults:2)
  A lindwurm (Lair:6)
  11 harpies
  4 cyclopes
  19 deep elf archers
  4 phantasmal warriors
  4 orc knights
  53 deep elf magi
  2 wolf spider zombies
  An orb spider (shapeshifter) (Vaults:1)
  2 ugly things
  3 orc sorcerers (Orc)
  11 fauns
  11 manticores
  11 elephants
  7 merfolk sirens
  2 guardian serpents (shapeshifter)
  13 will-o'-wisps
  8 vault sentinels (Vaults:1)
  Joseph (D:9)
  7 black mambas
  An iron dragon skeleton (Crypt:2)
  3 gargoyles (D:11)
  5 water nymphs
  24 cane toads
  An ice statue (IceCv)
  A cane toad (shapeshifter) (Vaults:2)
  A kobold demonologist (D:12)
  A rime drake (Lair:5)
  10 freezing wraiths
  5 ice devils (IceCv)
  7 komodo dragons
  3 anaconda simulacra (IceCv)
  3 guardian mummies (Crypt:2)
  7 yaktaurs
  4 flying skulls (Crypt:1)
  A golden dragon simulacrum (IceCv)
  An efreet (D:11)
  A queen ant zombie (Crypt:1)
  A catoblepas skeleton (Crypt:1)
  9 trolls
  3 meliai (D:11)
  16 merfolk
  7 polar bears
  A polar bear (shapeshifter) (D:8)
  14 hornets
  Grinder (D:6)
  8 tyrant leeches
  3 bog bodies
  A wind drake (Shoals:2)
  6 harpy skeletons
  23 blink frogs
  17 slime creatures
  11 hippogriffs
  5 snapping turtles
  A meliai zombie (D:12)
  18 dream sheep
  A black mamba zombie (Crypt:2)
  A fire dragon skeleton (Crypt:2)
  Eustachio (D:4)
  An ettin skeleton (Crypt:1)
  14 spriggans
  A dire elephant simulacrum (IceCv)
  A tarantella (shapeshifter) (Vaults:2)
  An air elemental (Elf:2)
  2 vampires
  8 water elementals
  5 wraiths
  3 wyverns
  3 hogs (Swamp:1)
  51 yaks
  3 ushabtiu (Crypt:2)
  2 basilisks
  5 fire elementals
  3 hungry ghosts
  A wind drake skeleton (Crypt:2)
  2 steam dragons
  7 vampire mosquitoes
  Menkaure (D:6)
  8 harpy simulacra (IceCv)
  An acid dragon (D:11)
  3 iron troll simulacra (IceCv)
  10 swamp worms
  A gelid demonspawn zombie (Crypt:2)
  Duvessa (D:5)
  6 porcupines
  12 crocodiles
  10 water moccasins
  14 swamp drakes
  A hornet zombie (D:6)
  2 hydra simulacra (IceCv)
  10 soldier ants
  A black bear (Lair:6)
  2 ice beasts
  3 sky beasts
  35 orc warriors
  An ettin simulacrum (IceCv)
  A cane toad skeleton (D:6)
  A manticore zombie (Crypt:2)
  2 necrophages
  8 ogres
  A phantom (D:4)
  14 wolves
  4 kobold brigands
  8 bullfrogs
  2 gnoll sergeants
  2 earth elementals
  Dowan (D:5)
  23 centaurs
  5 scorpions
  A water moccasin skeleton (D:8)
  A wyvern skeleton (D:10)
  A swamp dragon simulacrum (IceCv)
  6 killer bees (D:9)
  A manticore simulacrum (Crypt:2)
  5 wights (D:11)
  2 howler monkeys (D:6)
  11 electric eels
  7 orc priests
  5 crimson imps
  A demonspawn zombie (Crypt:1)
  A black bear zombie (Crypt:2)
  A bullfrog zombie (D:8)
  2 draconian simulacra (IceCv)
  5 hounds
  18 orc wizards
  2 bullfrog skeletons
  3 iguanas
  Ijyb (D:5)
  6 hell rats
  3 troll simulacra (IceCv)
  28 worker ants
  A killer bee zombie (D:6)
  A wolf simulacrum (IceCv)
  2 hound zombies
  2 hound skeletons
  13 mummies
  A howler monkey zombie (D:4)
  11 adders
  A centaur zombie (Crypt:2)
  33 gnolls
  7 naga simulacra (IceCv)
  An ogre simulacrum (IceCv)
  7 river rats (Lair:2)
  3 shadow imps
  6 white imps (IceCv)
  A centaur simulacrum (IceCv)
  6 ufetubi (IceCv)
  An ooze (D:3)
  A worm zombie (Crypt:1)
  4 adder zombies
  6 worms
  6 leopard geckos
  88 orcs
  3 ball pythons
  5 bats
  4 giant cockroaches
  37 hobgoblins
  4 jackals
  16 kobolds
  3 quokkas
  A ball python skeleton (Crypt:1)
  A frilled lizard (D:4)
  2 gnoll skeletons (Ossuary)
  54 goblins
  3 goblin skeletons (Ossuary)
  A jackal skeleton (D:2)
  A kobold skeleton (Ossuary)
  2 orc skeletons (Ossuary)
  3 quokka zombies (D:5)
  5 rats
  11 rat skeletons (Ossuary)
  A plant (Shoals:3)
1436 creatures vanquished.

Vanquished Creatures (others)
  2 stone giants (Vaults:2)
  Nessos (Lair:5)
  A deep elf annihilator (Elf:3)
  A minotaur (Shoals:3)
  A yaktaur captain (Vaults:1)
  7 satyrs (Shoals:3)
  2 cyclopes
  2 fauns
  3 deep elf magi
  3 manticores (Shoals:3)
  4 yaktaurs
  A troll (D:8)
  A merfolk (Shoals:3)
  An air elemental (Elf:1)
  A human (Swamp:1)
  A boggart (Vaults:2)
  A scorpion (D:8)
  An iguana (D:8)
  An orc wizard (D:6)
  4 orcs
  2 goblins (D:6)
  A hobgoblin (D:6)
  A kobold (D:6)
  2 bushes (Lair:6)
  24 fungi
  38 plants
107 creatures vanquished.

Grand Total: 1543 creatures vanquished

Notes
Turn   | Place    | Note
-------+----------+-------------------------------------------
     0 | D:1      | Morbidden the Skeleton Archaeologist began the quest for
                  | the Orb.
     0 | D:1      | Reached XP level 1. HP: 12/12 MP: 1/1
   208 | D:1      | Reached XP level 2. HP: 8/16 MP: 2/2
   579 | D:1      | Reached XP level 3. HP: 15/20 MP: 4/4
   910 | D:1      | Reached skill level 1 in Armour
  1259 | D:2      | Found a stormy altar of Qazlal.
  1312 | D:2      | Reached skill level 1 in Throwing
  1340 | D:2      | Reached skill level 1 in Spellcasting
  1581 | D:2      | Reached XP level 4. HP: 24/26 MP: 5/5
  1698 | D:2      | Found a radiant altar of Vehumet.
  1807 | D:2      | Became a worshipper of Vehumet
  1987 | D:3      | Found a sacrificial altar of Ru.
  2057 | D:3      | Found a sacrificial altar of Ru.
  2160 | D:3      | Reached XP level 5. HP: 31/31 MP: 6/6
  2160 | D:3      | Identified a scroll of acquirement
  2168 | D:3      | Identified the +6 bardiche "Tunun" {freeze, Str+7 Dex-4}
                  | (You acquired it on level 3 of the Dungeon)
  2168 | D:3      | Identified the +6 medium shield "Astuem Gica" {+Fly Str+7
                  | Dex-3} (You acquired it on level 3 of the Dungeon)
  2208 | D:3      | Reached * piety under Vehumet
  2208 | D:3      | Offered knowledge of Flame Tongue by Vehumet.
  2212 | D:3      | Learned a level 1 spell: Flame Tongue
  2632 | D:4      | Found an iron altar of Okawaru.
  2707 | D:4      | Found a staircase to the Ecumenical Temple.
  2735 | D:4      | Found a blossoming altar of Fedhas.
  2738 | D:4      | Found a white marble altar of Elyvilon.
  2740 | D:4      | Found a hide-covered altar of Uskayaw.
  2745 | D:4      | Found a shimmering altar of Xom.
  2745 | D:4      | Found a corrupted altar of Lugonu.
  2747 | D:4      | Found a snail-covered altar of Cheibriados.
  2779 | D:4      | Reached skill level 1 in Shields
  2821 | D:4      | Found Qaseiwka's Magic Scroll Shop.
  2845 | D:4      | Bought a scroll of blinking for 97 gold pieces
  2860 | D:4      | Gained mutation: You regenerate a little health from kills.
                  | [Skeleton growth]
  2860 | D:4      | Reached XP level 6. HP: 37/37 MP: 8/8
  3082 | D:4      | Found a glowing silver altar of Zin.
  3233 | Temple   | Entered the Ecumenical Temple
  3247 | D:5      | Entered Level 5 of the Dungeon
  3247 | D:5      | Found an ornate altar of the Wu Jian Council.
  3267 | D:5      | Reached skill level 1 in Conjurations
  3267 | D:5      | Reached skill level 1 in Fire Magic
  3288 | D:5      | Noticed a white ugly thing
  3393 | D:5      | Killed a white ugly thing
  3394 | D:5      | Reached XP level 7. HP: 11/41 MP: 7/11
  3430 | D:5      | Found a sand-covered staircase.
  3437 | Ossuary  | Entered an ossuary
  3764 | Ossuary  | Reached ** piety under Vehumet
  3765 | Ossuary  | Offered knowledge of Searing Ray by Vehumet.
  3786 | Ossuary  | Learned a level 2 spell: Searing Ray
  3889 | Ossuary  | Reached XP level 8. HP: 48/48 MP: 12/12
  4077 | D:5      | Noticed Eustachio
  4128 | D:4      | Killed Eustachio
  4174 | D:5      | Noticed Duvessa
  4174 | D:5      | Noticed Dowan
  4189 | D:5      | Killed Duvessa
  4192 | D:5      | Killed Dowan
  4231 | D:5      | Noticed Ijyb
  4237 | D:5      | Reached skill level 5 in Maces & Flails
  4240 | D:5      | Killed Ijyb
  4240 | D:5      | Offered knowledge of Iskenderun's Mystic Blast by Vehumet.
  4260 | D:5      | Reached skill level 5 in Shields
  4264 | D:5      | Learned a level 3 spell: Iskenderun's Mystic Blast
  4311 | D:5      | Found a hazy altar of Hepliaklqana.
  4806 | D:6      | Reached *** piety under Vehumet
  5272 | D:6      | Reached XP level 9. HP: 37/52 MP: 15/15
  5324 | D:6      | Offered knowledge of Fulminant Prism by Vehumet.
  5417 | D:6      | Reached skill level 5 in Dodging
  5499 | D:6      | Noticed Grinder
  5525 | D:6      | Paralysed by Grinder for 2 turns
  5535 | D:6      | Killed Grinder
  5561 | D:6      | Reached **** piety under Vehumet
  5608 | D:6      | Noticed Menkaure
  5626 | D:6      | Killed Menkaure
  5633 | D:6      | Offered knowledge of Iskenderun's Battlesphere by Vehumet.
  5655 | D:6      | Learned a level 5 spell: Iskenderun's Battlesphere
  5815 | D:6      | Found Xalirin's Distillery.
  5922 | D:6      | Reached skill level 1 in Charms
  6602 | D:7      | Noticed a troll
  6612 | D:7      | Killed a troll
  6612 | D:7      | Reached ***** piety under Vehumet
  6613 | D:7      | Gained mutation: Your movements are less encumbered by
                  | armour. (ER -4) [Skeleton growth]
  6613 | D:7      | Reached XP level 10. HP: 35/58 MP: 17/17
  6718 | D:7      | Reached skill level 5 in Spellcasting
  6720 | D:7      | Offered knowledge of Sticky Flame by Vehumet.
  6847 | D:7      | Got an amber-encrusted ring mail
  6848 | D:7      | Identified the cursed +0 ring mail of Idopostihem {rElec
                  | Dex+4} (You found it on level 7 of the Dungeon)
  7097 | D:7      | Found a glowing golden altar of the Shining One.
  7097 | D:7      | Found a shadowy altar of Dithmenos.
  7342 | D:7      | Found a runed door.
  7627 | D:8      | Noticed a guardian serpent
  7627 | D:8      | a yaktaur changed into a guardian serpent
  7643 | D:8      | Killed a guardian serpent
  7644 | D:8      | Reached skill level 5 in Fighting
  7648 | D:8      | Got a smelly chain mail
  7649 | D:8      | Noticed a five-headed hydra
  7655 | D:8      | Identified the +7 chain mail of Devvu {rElec MP+9 Str+2
                  | Int-3} (You found it on level 8 of the Dungeon)
  7799 | D:8      | Found a staircase to the Lair.
  7834 | D:8      | Killed a five-headed hydra
  7994 | D:8      | Found a staircase to the Orcish Mines.
  8327 | D:8      | Reached skill level 5 in Armour
  8384 | D:8      | Noticed an elephant
  8404 | D:8      | Killed an elephant
  8405 | D:8      | Reached skill level 5 in Conjurations
  8405 | D:8      | Reached XP level 11. HP: 54/64 MP: 17/20
  8581 | D:8      | Noticed a fire crab
  8724 | D:8      | Noticed an orb spider
  8792 | D:8      | Found a shimmering altar of Xom.
  9196 | Lair:1   | Entered Level 1 of the Lair of Beasts
  9601 | Lair:1   | Reached skill level 10 in Shields
 10534 | Lair:2   | Noticed an oklob plant
 10534 | Lair:2   | Noticed an oklob plant
 10534 | Lair:2   | Noticed an oklob plant
 10737 | Lair:2   | Learned a level 4 spell: Sticky Flame
 11115 | Lair:2   | Reached skill level 5 in Throwing
 11416 | Lair:2   | Found a staircase to the Shoals.
 11510 | Lair:3   | Found a staircase to the Swamp.
 11516 | Lair:3   | Noticed a four-headed hydra
 11526 | Lair:3   | Killed a four-headed hydra
 11527 | Lair:3   | Reached skill level 5 in Fire Magic
 11570 | Lair:3   | Noticed Gastronok
 11630 | Lair:2   | Reached XP level 12. HP: 38/70 MP: 22/23
 11733 | Lair:2   | Killed Gastronok
 11955 | Lair:3   | Reached skill level 1 in Evocations
 12478 | Lair:3   | Learned a level 4 spell: Airstrike
 12793 | Lair:4   | Reached skill level 5 in Charms
 12934 | Lair:4   | Noticed a death yak
 12955 | Lair:4   | Killed a death yak
 12957 | Lair:4   | Offered knowledge of Bolt of Draining by Vehumet.
 13149 | Lair:4   | Reached skill level 10 in Maces & Flails
 13178 | Lair:4   | Reached skill level 1 in Air Magic
 13368 | Lair:4   | Reached XP level 13. HP: 50/76 MP: 25/25
 13483 | Lair:4   | Noticed Rupert
 13491 | Lair:4   | Killed Rupert
 14475 | Lair:5   | Got a crystal spear
 14477 | Lair:5   | Identified the +8 spear "Eqay" {pain, rC+} (You found it on
                  | level 5 of the Lair of Beasts)
 14727 | Lair:5   | Noticed Nessos
 14730 | Lair:5   | Killed Nessos
 14752 | Lair:5   | Found a staircase to the Slime Pits.
 14752 | Lair:5   | Found a viscous altar of Jiyva.
 14764 | Lair:5   | Got a shimmering golden ring
 14765 | Lair:5   | Identified the ring of Bes Lian {*Contam rN+ Str+5 Int+4}
                  | (You found it on level 5 of the Lair of Beasts)
 15695 | Lair:6   | Entered Level 6 of the Lair of Beasts
 16041 | Lair:6   | Reached XP level 14. HP: 68/83 MP: 27/27
 16282 | Lair:6   | Offered knowledge of Bolt of Fire by Vehumet.
 16310 | Lair:6   | Learned a level 5 spell: Silence
 16547 | Lair:6   | Learned a level 6 spell: Bolt of Fire
 17144 | Lair:6   | Found the +6 Majin-Bo {vamp, *Drain Str+12 Int+24}
 17146 | Lair:6   | Found the +8 orange crystal plate armour {Archmagi, Int+3
                  | Clar}
 17516 | D:9      | Reached skill level 10 in Spellcasting
 17701 | D:9      | Offered knowledge of Orb of Destruction by Vehumet.
 17718 | D:9      | Learned a level 7 spell: Orb of Destruction
 17900 | D:9      | Noticed Joseph
 17904 | D:9      | Killed Joseph
 18443 | D:10     | Entered Level 10 of the Dungeon
 18785 | D:10     | Got a flickering lead amulet
 19474 | D:11     | Found a flagged portal.
 19487 | D:11     | Noticed Urug
 19500 | Bailey   | Entered a bailey
 19991 | Bailey   | Offered knowledge of Iron Shot by Vehumet.
 20234 | Bailey   | Noticed an orc warlord
 20235 | Bailey   | Identified the amulet "Omont" {Inacc rPois} (You found it
                  | on level 10 of the Dungeon)
 20244 | Bailey   | Killed an orc warlord
 20478 | Bailey   | Identified the ring of False Hope {+Fly Int+3} (You
                  | acquired it in a bailey)
 20478 | Bailey   | Identified Rowu's Tome of Snow and Battle Magic (You
                  | acquired it in a bailey)
 20534 | D:11     | Killed Urug
 20534 | D:11     | Reached ****** piety under Vehumet
 20663 | D:11     | Reached XP level 15. HP: 88/88 MP: 29/29
 20749 | D:11     | Noticed Fannar
 20753 | D:11     | Killed Fannar
 21343 | D:11     | Found a gate to the Vaults.
 21647 | D:12     | Entered Level 12 of the Dungeon
 21900 | D:12     | Found a staircase to the Depths.
 21900 | D:12     | Noticed a fire giant
 21905 | D:12     | Killed a fire giant
 22285 | D:12     | Found Zydeoc's Magic Scroll Shoppe.
 22294 | D:12     | Bought a scroll of teleportation for 33 gold pieces
 22294 | D:12     | Bought a scroll of teleportation for 33 gold pieces
 22294 | D:12     | Bought a scroll of enchant weapon for 82 gold pieces
 22294 | D:12     | Bought a scroll of enchant armour for 82 gold pieces
 22516 | D:12     | Noticed Psyche
 22520 | D:12     | Killed Psyche
 23075 | Orc      | Entered the Orcish Mines
 23081 | Orc      | Offered knowledge of Conjure Ball Lightning by Vehumet.
 23096 | Orc      | Noticed Nergalle
 23099 | Orc      | Killed Nergalle
 23192 | Orc      | Found a roughly hewn altar of Beogh.
 23232 | Orc      | Found a staircase to the Elven Halls.
 23241 | Orc      | Found Qamaja Goiv's Food Shop.
 23253 | Orc      | Reached skill level 10 in Conjurations
 23254 | Orc      | Noticed Erica
 23265 | Orc      | Killed Erica
 23561 | Orc      | Reached skill level 1 in Staves
 23955 | Orc      | Found Xyeleij's Jewellery Shoppe.
 23955 | Orc      | Found Suddarphe's Weapon Shop.
 23957 | Orc      | Found Luokhlemu's Antique Weapon Boutique.
 23959 | Orc      | Found Efykhleu's Weapon Emporium.
 23963 | Orc      | Bought an uncursed amulet of magic regeneration for 350
                  | gold pieces
 24011 | Orc      | Bought the ring "Hilyk" {MR+ Str+7 Int-3 Slay+4} for 800
                  | gold pieces
 24013 | Orc      | Bought the ring "Edwiuve" {rC+ Slay+2} for 565 gold pieces
 24157 | Swamp:1  | Entered Level 1 of the Swamp
 24275 | Swamp:1  | Noticed Kirke
 24281 | Swamp:1  | Killed Kirke
 24359 | Swamp:1  | Found a frozen archway.
 24359 | Swamp:1  | Noticed an azure jelly
 24368 | Swamp:1  | Killed an azure jelly
 24416 | IceCv    | Entered an ice cave
 24450 | IceCv    | Offered knowledge of Icicle Burst by Vehumet.
 24990 | IceCv    | Gained mutation: You regenerate health from kills.
                  | [Skeleton growth]
 24990 | IceCv    | Reached XP level 16. HP: 96/96 MP: 20/32
 25118 | IceCv    | Noticed an Ice Fiend
 25129 | IceCv    | Killed an Ice Fiend
 25220 | IceCv    | Got a pair of ichor-stained boots
 25224 | IceCv    | Identified the +2 pair of boots "Hurekkoi" {rPois} (You
                  | found it in an ice cave)
 25889 | Swamp:1  | Offered knowledge of Lehudib's Crystal Spear by Vehumet.
 25889 | Swamp:1  | Offered knowledge of Chain Lightning by Vehumet.
 25889 | Swamp:1  | Offered knowledge of Ignition by Vehumet.
 26442 | Swamp:1  | Noticed Roxanne
 26453 | Swamp:1  | Killed Roxanne
 26454 | Swamp:1  | Reached skill level 5 in Evocations
 26674 | Swamp:1  | Learned a level 6 spell: Iron Shot
 27219 | Swamp:2  | Identified the Papyrus of Cloudy Displacement
 27314 | Swamp:2  | Reached skill level 1 in Earth Magic
 27383 | Swamp:2  | Found a runed translucent door.
 27384 | Swamp:2  | Found a shimmering altar of Xom.
 27387 | Swamp:2  | Noticed Morbidden's ghost (journeyman TrAc)
 27690 | Swamp:2  | Got an ancient quarterstaff
 27724 | Swamp:2  | Identified the +0 helmet of the Saviour {rPois Int+4,
                  | pickup} (You found it on level 2 of the Swamp)
 28040 | Swamp:3  | Entered Level 3 of the Swamp
 28386 | Swamp:3  | Noticed the 27-headed Lernaean hydra
 28389 | Swamp:3  | Killed the 27-headed Lernaean hydra
 28427 | Swamp:3  | Noticed a thorn hunter
 28623 | Swamp:3  | Noticed a thorn hunter
 28624 | Swamp:3  | Killed a thorn hunter
 28625 | Swamp:3  | Reached skill level 5 in Air Magic
 28625 | Swamp:3  | Reached XP level 17. HP: 100/100 MP: 33/34
 28670 | Swamp:3  | Identified the +7 quarterstaff "Beetlebane" {speed, rF+}
                  | (You found it on level 2 of the Swamp)
 28670 | Swamp:3  | Got a decaying rune of Zot
 29665 | Shoals:1 | Entered Level 1 of the Shoals
 31104 | Shoals:3 | Entered Level 3 of the Shoals
 31270 | Shoals:2 | Reached skill level 15 in Shields
 31648 | Shoals:3 | Reached skill level 10 in Fighting
 31670 | Shoals:3 | Reached skill level 10 in Armour
 31818 | Shoals:3 | Got a barnacled rune of Zot
 31864 | Shoals:3 | Found the +10 dark maul {crush}
 31884 | Shoals:3 | Found the +0 shillelagh "Devastator" {shatter, Stlth+}
 32057 | Shoals:3 | Reached XP level 18. HP: 92/107 MP: 32/35
 32627 | Elf:1    | Entered Level 1 of the Elven Halls
 32837 | Elf:1    | Found Juimuata's Jewellery Emporium.
 33855 | Elf:1    | Reached skill level 10 in Dodging
 34632 | Elf:2    | Found Rabae's Assorted Antiques.
 34767 | Elf:2    | Found Poffauvu's General Store.
 34767 | Elf:2    | Noticed Louise
 34816 | Elf:2    | Killed Louise
 35220 | Elf:2    | Found a huge runed gate.
 35222 | Elf:2    | Found a huge runed gate.
 35228 | Elf:2    | Found a huge runed gate.
 35276 | Elf:3    | Entered Level 3 of the Elven Halls
 35632 | Elf:3    | Noticed Aizul
 35645 | Elf:3    | Killed Aizul
 36449 | Vaults:1 | Entered Level 1 of the Vaults
 36664 | Vaults:1 | Reached skill level 15 in Spellcasting
 36819 | Vaults:1 | Reached XP level 19. HP: 113/113 MP: 36/38
 36839 | Vaults:1 | Reached skill level 5 in Earth Magic
 37049 | Vaults:1 | Upgraded the game from bcrawl-1.38.3 to bcrawl-1.40
 37532 | Vaults:1 | Reached skill level 10 in Charms
 37556 | Vaults:1 | HP: 5/113 [deep elf knight/+0 short sword (24)]
 38893 | Vaults:2 | Found Kaveteh's Book Shoppe.
 39446 | Vaults:2 | Identified the cursed ring of Murex {Ice Str+2}
 39686 | Vaults:2 | Found a staircase to the Crypt.
 40141 | Vaults:2 | Identified the -5 medium shield "Joeb" {rPois rC- Dex+2
                  | Stlth+} (You acquired it on level 2 of the Vaults)
 40141 | Vaults:2 | Identified the ring "Jajuwn" {Int+5 Dex+4} (You acquired it
                  | on level 2 of the Vaults)
 40141 | Vaults:2 | Identified the Papyrus of Spatial Evil Rituals (You
                  | acquired it on level 2 of the Vaults)
 40166 | Crypt:1  | Entered Level 1 of the Crypt
 40222 | Crypt:1  | Gained mutation: Your movements are significantly less
                  | encumbered by armour. (ER -6) [Skeleton growth]
 40222 | Crypt:1  | Reached XP level 20. HP: 112/119 MP: 4/39
 41166 | Crypt:2  | Entered Level 2 of the Crypt
 41605 | Crypt:2  | Noticed a profane servitor
 41772 | Crypt:2  | Killed a profane servitor
 41870 | Crypt:2  | Noticed a profane servitor
 41885 | Crypt:2  | Killed a profane servitor
 41889 | Crypt:2  | Upgraded the game from bcrawl-1.40 to bcrawl-1.40.3b
 41892 | Crypt:2  | Upgraded the game from bcrawl-1.40.3b to bcrawl-1.41
 41955 | Crypt:2  | Quit the game

Skill      XL: |  1  2  3  4  5  6  7  8  9 10 11 12 13 14 15 16 17 18 19 20 |
---------------+-------------------------------------------------------------+-----
Armour         | 1 2 3 4 5 6 7 8 9 10 11 | 11.7
Throwing       | 1 2 3 4 5 6 7 8 9 |  9.5
Spellcasting   | 1 2 3 4 6 7 8 9 10 12 13 15 16 | 16.3
Fighting       | 2 3 4 5 6 7 8 9 10 11 | 11.2
Maces & Flails | 2 3 4 5 7 8 9 10 11 12 13 14 | 14.7
Dodging        | 4 5 6 7 8 9 10 11 | 11.1
Shields        | 1 3 5 7 9 10 11 13 14 15 16 | 16.7
Conjurations   | 1 2 3 4 5 6 7 9 10 11 12 13 14 | 14.2
Fire Magic     | 1 2 3 4 5 6 7 8 9 |  9.8
Charms         | 1 3 4 5 6 7 8 9 10 | 10.2
Stealth        | 4 |  4.3
Evocations     | 1 2 3 4 5 6 7 |  7.8
Air Magic      | 1 2 3 4 5 6 7 |  7.4
Staves         | 1 3 |  3.3
Earth Magic    | 2 3 4 6 |  6.5

Action                   |  1- 3 |  4- 6 |  7- 9 | 10-12 | 13-15 | 16-18 | 19-21 || total
-------------------------+-------+-------+-------+-------+-------+-------+-------++-------
Melee: Whip              |   120 |   164 |       |       |       |       |       ||   284
       Mace              |       |    21 |       |       |       |       |       ||    21
       Flail             |       |    80 |   579 |       |       |       |       ||   659
       Morningstar       |       |       |    11 |   692 |   657 |   321 |       ||  1681
       Quarterstaff      |       |       |       |       |    69 |   112 |       ||   181
       Shillelagh        |       |       |       |       |       |   203 |   381 ||   584
 Fire: Blowgun           |    28 |    53 |    55 |    43 |       |    37 |       ||   216
Throw: Javelin           |     9 |    14 |    24 |    41 |       |       |     5 ||    93
       Tomahawk          |       |    19 |    22 |     7 |    54 |   111 |     9 ||   222
 Cast: Searing Ray       |       |       |     2 |    42 |    13 |     1 |       ||    58
       Flame Tongue      |       |       |     1 |   111 |     7 |       |       ||   119
       Iskenderun's Myst |       |       |       |    30 |   491 |   515 |   376 ||  1412
       Sticky Flame      |       |       |       |     1 |    12 |     1 |     1 ||    15
       Bolt of Fire      |       |       |       |       |    11 |    81 |     7 ||    99
       Airstrike         |       |       |       |       |    22 |     1 |     6 ||    29
       Iskenderun's Batt |       |       |       |       |     1 |       |     4 ||     5
       Orb of Destructio |       |       |       |       |       |     6 |       ||     6
 Abil: Evoke Flight      |       |       |       |       |     1 |       |       ||     1
Evoke: Wand              |       |       |     9 |     1 |     4 |     1 |       ||    15
       Lamp of fire      |       |       |       |       |     2 |     3 |       ||     5
  Use: Scroll            |     1 |     5 |       |     4 |    22 |    16 |     5 ||    53
 Stab: Sleeping          |     5 |       |       |       |       |       |       ||     5
       Petrified         |       |       |       |       |     4 |       |       ||     4
Armor: Robe              |    68 |    33 |       |       |       |       |       ||   101
       Chain mail        |       |    88 |   215 |   300 |   344 |       |       ||   947
       Crystal plate arm |       |       |       |       |   151 |   408 |   203 ||   762
Dodge: Dodged            |   132 |    81 |    85 |   140 |   263 |   172 |    73 ||   946
Block: Medium shield     |       |   195 |   793 |  1105 |  1070 |   824 |   615 ||  4602
       Reflection        |       |       |    37 |    11 |    11 |   137 |    57 ||   253
       Other             |       |       |       |       |    47 |    56 |       ||   103
